Selects Panzerjäger Kommand Battlegroup
Construct Light Support Kompanie
Selects GrB 39 Grenade Launcher Requisition
Selects Defensive Positions
Panzerjäger Mechanized Group
Selects Crew Shock Tactics
Construct Panzerarmee Kommand
Selects Butterfly Bomb Drop
Construct Panzerarmee Kommand
Selects Elefant Tank Destroyer
Walking Stuka Rocket Launcher
Selects Butterfly Bomb Drop
Panzerjäger Mechanized Group